Map: Frozen Temple

Players

Clem

  • Race: Terran Terran
  • League: Master

SortOf - Winner!

  • Race: Zerg Zerg
  • League: Master

VOD

Have the link to the VOD?

Description

Time

  • Played on: Oct. 26, 2016, 6:41 a.m.
  • Length: 16:03
Show
View Real Time Build Order
Export as new Build Order

Clem Terran 

Build Orders: Reaper Expand, Bio Tank 

Get SALT Encoding   

  12  0:00  SCV  
  13  0:13  SCV  
  14  0:17  Supply Depot  
  14  0:25  SCV  
  15  0:38  SCV  
  15  0:40  Barracks  
  16  0:45  Refinery  
  16  0:50  SCV  
  17  1:03  SCV  
  18  1:16  SCV  
  19  1:27  Reaper  
  19  1:28  Orbital Command  
  20  1:44  Command Center, Unknown  
  20  1:55  SCV  
  20  1:57  Supply Depot  
  20  2:01  Marine  
  22  2:08  Factory  
  22  2:12  SCV  
  23  2:21  Barracks Reactor, Refinery  
  23  2:24  SCV  
  24  2:38  SCV  
  25  2:51  SCV  
  26  2:55  Unknown, Starport  
  26  2:56  Orbital Command  
  26  2:59  Factory Tech Lab  
  26  3:00  Marine x2  
  26  3:03  SCV  
  29  3:15  SCV  
  29  3:18  Marine x2  
  32  3:25  SCV  
  33  3:27  SCV  
  33  3:28  Siege Tank  
  33  3:33  Supply Depot  
  37  3:36  Marine x2  
  37  3:40  Medivac  
  41  3:42  SCV x2  
  43  3:54  Command Center, Unknown  
  43  3:56  SCV  
  43  3:57  Orbital Command  
  44  4:05  Siege Tank  
  44  4:06  Marine x2  
  49  4:10  SCV  
  50  4:18  Supply Depot  
  50  4:24  Medivac  
  50  4:27  SCV  
  50  4:30  SCV  
  53  4:39  SCV  
  53  4:41  Marine  
  53  4:42  Marine  
  53  4:43  SCV  
  57  4:48  Supply Depot  
  57  4:49  Supply Depot  
  57  4:51  SCV, Siege Tank  
  61  4:55  SCV  
  61  4:59  Engineering Bay  
  62  5:03  Supply Depot  
  62  5:05  SCV, Unknown, Marine x2  
  65  5:07  SCV  
  65  5:11  Orbital Command  
  66  5:21  Barracks x2  
  66  5:22  SCV  
  66  5:27  Starport Tech Lab, Marine x2  
  69  5:31  SCV  
  69  5:32  Refinery  
  69  5:35  SCV  
  71  5:43  SCV  
  71  5:44  Siege Tank  
  71  5:45  Marine x2  
  77  5:51  Supply Depot  
  77  5:53  SCV, Engineering Bay  
  77  5:54  SCV, Starport Reactor  
  77  5:55  Engineering Bay  
  79  5:57  SCV, Refinery  
  79  6:03  Marine x2  
  82  6:06  SCV  
  82  6:11  Barracks  
  83  6:12  Barracks  
  83  6:16  SCV  
  84  6:21  Siege Tank  
  84  6:23  SCV  
  84  6:24  Terran Infantry Weapons Level 1, Terran Infantry Armor Level 1  
  88  6:29  Barracks Reactor, Orbital Command  
  88  6:30  SCV  
  88  6:32  Supply Depot  
  90  6:37  Supply Depot  
  90  6:39  Marine x3  
  92  6:41  Stimpack  
  92  6:45  SCV x2  
  94  6:56  SCV  
  94  6:57  SCV  
  94  6:58  SCV  
  94  6:59  Marauder, Marine x2  
  94  7:00  Siege Tank  
  94  7:01  Barracks Tech Lab, Barracks Reactor  
  104  7:09  Supply Depot x3  
  104  7:13  SCV x3  
  104  7:14  Supply Depot  
  107  7:18  Marine  
  107  7:20  Marauder, Combat Shields  
  107  7:21  Marine x3  
  113  7:26  Refinery x2  
  113  7:30  Armory  
  113  7:32  Supply Depot  
  113  7:41  Marine  
  113  7:42  Marauder, Barracks, Marine x5  
  113  7:43  Barracks  
  121  7:50  Medivac x2  
  125  7:51  Marine  
  125  7:55  Supply Depot  
  126  7:59  Marine x2  
  126  8:01  Marine x3  
  126  8:02  Marine  
  126  8:03  Marauder  
  137  8:05  Siege Tank  
  137  8:09  Marauder  
  139  8:17  Marine x2  
  139  8:19  Marine x3  
  71  8:20  Medivac x2, Marine  
  149  8:32  Barracks Tech Lab, Command Center, Unknown  
  149  8:33  Barracks Tech Lab  
  149  8:35  Marine  
  149  8:38  Supply Depot, Terran Infantry Weapons Level 2  
  150  8:42  Concussive Shells  
  150  8:44  Marine x4  
  150  8:45  Terran Infantry Armor Level 2  
  150  8:46  Marine  
  150  8:47  Marine  
  156  8:56  Marauder x2, Marine x2  
  156  8:59  Siege Tank  
  156  9:01  Supply Depot  
  156  9:02  Supply Depot  
  165  9:08  Marine  
  165  9:09  Marauder, Marine x2  
  170  9:13  Marine x2  
  170  9:14  Marauder, Marine  
  175  9:17  Marine  
  175  9:18  Marauder  
  176  9:26  Marine  
  176  9:27  Marine x2  
  176  9:30  Marauder  
  174  9:31  Marine x2  
  174  9:36  Marauder  
  178  9:38  Siege Tank  
  178  9:41  Marine  
  178  9:42  Marauder x2  
  178  9:43  Unknown  
  178  9:44  Marine  
  178  9:45  Marine x2  
  187  9:49  Marine x2  
  187  9:52  Marauder  
  152  9:57  Marauder  
  152  9:59  Marine  
  136  10:02  Marine  
  136  10:03  Marauder, Marine x2  
  136  10:04  Marauder  
  136  10:07  Marine x2  
  140  10:10  Terran Vehicle Weapons Level 1  
  140  10:13  Marauder  
  144  10:18  Marauder, Marine  
  144  10:20  Marine  
  135  10:21  Medivac x2  
  135  10:24  Marauder  
  135  10:25  Marauder  
  143  10:28  Ghost Academy  
  143  10:29  Starport  
  143  10:30  Marine  
  143  10:34  Marauder, Planetary Fortress  
  146  10:44  Marine  
  146  10:45  Missile Turret, Marauder, Marine x2, Refinery  
  146  10:46  Refinery  
  151  10:57  Marauder, Marine  
  151  11:02  Marine x2  
  151  11:04  Marauder, Marine x4  
  151  11:06  Marine  
  158  11:15  Marine, Liberator x3  
  159  11:18  Marine  
  159  11:20  Marine x2  
  159  11:22  Ghost, Marine x3  
  159  11:23  Ghost  
  159  11:25  Marine  
  176  11:33  Marine  
  176  11:37  Marauder  
  176  11:38  Marine  
  180  11:45  Ghost  
  182  11:50  Ghost  
  182  11:52  Ghost  
  186  11:57  Ghost  
  186  11:58  Liberator  
  188  12:10  Marine  
  188  12:14  Marauder  
  194  12:22  Marauder, Marine x2  
  189  12:29  Marine  
  189  12:30  Ghost, Marauder  
  189  12:34  Ghost  
  165  12:43  Ghost  
  153  12:47  Marine  
  153  12:49  Marine x5  
  148  12:51  Marauder  
  148  12:52  Medivac x2  
  146  12:58  Missile Turret, Marine  
  147  13:07  Ghost  
  147  13:09  Medivac  
  147  13:11  Ghost  
  153  13:14  Marine  
  153  13:15  Marine x4  
  153  13:16  Marine  
  159  13:21  Terran Infantry Weapons Level 3  
  159  13:36  Marine  
  159  13:37  Marine x2  
  159  13:40  Viking x3  
  165  13:48  Ghost x2  
  165  13:53  Ghost  
  168  13:56  Ghost  
  168  14:01  Marine x5  
  174  14:18  Ghost  
  170  14:25  Viking x2  
  146  14:32  Ghost x2, Marine x2  
  146  14:33  Marine x2  
  146  14:35  Marine  
  146  14:37  Marine  
  149  14:45  Viking  
  150  14:56  Marine x5  
  150  14:57  Marine x3  
  154  15:01  Marine  
  140  15:09  Ghost  
  144  15:14  Marine  
  133  15:32  Marine  
  133  15:33  Marine x3  
  129  15:43  Marine  
  129  15:44  Marine x2  
Show
View Real Time Build Order
Export as new Build Order

SortOf Zerg - Winner!

Build Orders: Hatch First 

Get SALT Encoding   

  12  0:02  Drone  
  13  0:13  Overlord  
  13  0:18  Drone  
  14  0:32  Drone x2  
  16  0:36  Drone  
  17  0:53  Unknown, Hatchery  
  17  0:56  Drone  
  17  1:00  Drone  
  18  1:10  Extractor  
  17  1:14  Spawning Pool  
  17  1:17  Drone  
  17  1:22  Drone  
  18  1:30  Drone  
  19  1:40  Overlord  
  19  1:50  Drone  
  20  2:00  Queen  
  22  2:01  Zergling x2  
  22  2:05  Queen, Unknown  
  22  2:06  Zergling x2  
  26  2:12  Metabolic Boost, Zergling x2  
  27  2:16  Drone  
  28  2:28  Spore Crawler  
  27  2:31  Drone x2  
  27  2:35  Drone  
  30  2:37  Queen  
  30  2:44  Overlord  
  33  2:50  Roach Warren  
  32  2:57  Zergling x6  
  35  3:02  Pneumatized Carapace  
  35  3:08  Drone  
  35  3:11  Drone  
  36  3:33  Overlord  
  36  3:34  Overlord  
  36  3:48  Drone x7  
  37  3:49  Drone  
  37  3:52  Drone x2  
  37  3:53  Drone x2  
  48  3:57  Overlord  
  48  4:05  Overlord  
  47  4:10  Drone  
  48  4:18  Unknown, Hatchery  
  48  4:22  Drone x3  
  50  4:24  Evolution Chamber  
  49  4:32  Queen  
  49  4:33  Queen  
  51  4:42  Roach  
  51  4:43  Roach  
  55  4:45  Drone  
  55  4:46  Evolution Chamber  
  55  4:49  Drone  
  55  4:51  Drone  
  55  4:52  Zerg Ground Armor Level 1  
  57  4:59  Overlord  
  57  5:03  Roach x2  
  61  5:07  Extractor  
  61  5:08  Queen, Drone x3  
  61  5:13  Drone x2  
  67  5:14  Drone  
  67  5:20  Drone x3  
  71  5:23  Zerg Missile Weapons Level 1  
  71  5:25  Extractor  
  70  5:30  Unknown  
  70  5:31  Drone x2  
  70  5:33  Queen, Drone x2  
  76  5:43  Drone x6  
  82  5:51  Overlord  
  82  5:52  Overlord x2  
  82  6:04  Lair  
  82  6:05  Overlord  
  82  6:07  Extractor  
  81  6:16  Drone x2  
  81  6:17  Drone x8  
  91  6:31  Roach x7  
  105  6:38  Extractor, Unknown, Hatchery  
  103  6:41  Extractor  
  103  6:43  Drone x3  
  103  6:45  Roach x3  
  103  6:46  Overlord  
  111  6:49  Overlord  
  111  6:58  Overlord  
  111  7:01  Roach, Zergling x2  
  114  7:03  Spore Crawler  
  114  7:04  Glial Reconstitution  
  114  7:05  Zerg Ground Armor Level 2  
  112  7:15  Zergling x18  
  121  7:16  Ravager x2  
  121  7:20  Overseer  
  121  7:22  Drone x2  
  125  7:27  Overlord x2  
  125  7:31  Zerg Melee Weapons Level 1  
  125  7:32  Drone  
  125  7:33  Infestation Pit, Drone x4  
  129  7:40  Roach x4  
  137  7:44  Overlord  
  137  7:47  Drone x2  
  137  7:49  Roach  
  137  7:50  Unknown  
  141  7:57  Drone x2  
  143  7:59  Drone x3  
  143  8:00  Extractor  
  143  8:01  Extractor  
  143  8:02  Drone x4  
  143  8:05  Ravager x2  
  150  8:12  Infestor x2, Hive  
  150  8:18  Overlord  
  154  8:24  Infestor  
  154  8:26  Overlord x2  
  156  8:28  Overlord  
  156  8:33  Spore Crawler  
  155  8:37  Infestor  
  155  8:38  Roach x7  
  155  8:39  Roach, Zergling x6  
  175  9:03  Ravager x2  
  175  9:04  Roach x11  
  175  9:09  Unknown, Hatchery  
  193  9:27  Zergling x14  
  193  9:28  Zergling x10  
  199  9:34  Zerg Melee Weapons Level 2  
  199  9:35  Zerg Ground Armor Level 3  
  199  9:36  Ultralisk Cavern  
  198  9:40  Zergling x2  
  158  9:55  Infestor x2  
  158  9:59  Zergling x20  
  169  10:00  Zergling x6  
  169  10:13  Baneling Nest, Spire  
  167  10:19  Overlord  
  167  10:20  Unknown, Zergling x4  
  167  10:21  Zergling x2  
  170  10:28  Chitinous Plating  
  160  10:29  Ultralisk x2  
  160  10:31  Extractor, Drone x3  
  160  10:35  Drone x5  
  178  10:44  Ultralisk  
  178  10:45  Ultralisk  
  185  11:09  Ravager  
  185  11:10  Ravager x2  
  185  11:11  Ultralisk  
  194  11:15  Spine Crawler  
  194  11:16  Spine Crawler x2, Drone x6  
  194  11:17  Spore Crawler  
  196  11:20  Extractor  
  193  11:30  Overlord  
  192  11:33  Extractor, Centrifical Hooks  
  192  11:35  Corruptor x3, Greater Spire  
  192  11:38  Zergling x6  
  199  11:52  Spine Crawler x2  
  199  11:54  Baneling x16  
  197  12:00  Unknown, Drone x2, Hatchery  
  198  12:02  Spine Crawler  
  197  12:10  Zergling x4  
  197  12:11  Zerg Melee Weapons Level 3  
  188  12:40  Zergling x2  
  188  12:41  Zergling x26  
  185  12:56  Corruptor x4  
  171  13:00  Brood Lord x3  
  171  13:01  Corruptor x4, Extractor  
  171  13:02  Extractor  
  171  13:03  Drone x4  
  185  13:07  Spore Crawler  
  185  13:08  Spore Crawler  
  185  13:11  Unknown  
  183  13:18  Corruptor x4, Spore Crawler  
  190  13:21  Zerg Flyer Weapons Level 1  
  190  13:26  Spore Crawler  
  189  13:28  Spore Crawler  
  190  13:34  Brood Lord  
  190  13:38  Unknown, Hatchery, Drone x2  
  185  13:43  Drone x5  
  188  13:52  Zergling x32  
  188  13:53  Zergling x6  
  199  13:59  Spore Crawler  
  198  14:13  Baneling x5  
  198  14:14  Baneling x4  
  194  14:27  Corruptor  
  193  14:32  Brood Lord  
  190  14:38  Drone x3  
  190  14:39  Drone x5  
  190  14:40  Drone  
  190  14:43  Baneling x6  
  199  14:49  Unknown  
  199  15:02  Spore Crawler  
  189  15:10  Corruptor x2  
  189  15:11  Brood Lord x2  
  199  15:14  Extractor x2  
  184  15:21  Zergling x16  
  184  15:22  Zergling x16  
Tags
 
Add a new tag
Caveats
  • Supply blocks, unpowered buildings, or Contaminate may cause inaccurate times.
  • Supply counts are checked every 10 seconds.